 Dungeon Crawl Stone Soup version 0.22-a0-192-g6ffc940 (webtiles) character file.

7393 Azzok the Arsonist (level 10, -1/58 HPs)
             Began as a Deep Elf Fire Elementalist on Feb 16, 2018.
             Was a Believer of Vehumet.
             Slain by a shadow (22 damage)
             ... on level 9 of the Dungeon.
             The game lasted 00:25:01 (10898 turns).

Azzok the Arsonist (Deep Elf Fire Elementalist)    Turns: 10898, Time: 00:25:02

Health: -1/58      AC:  4    Str:  8    XL:     10   Next: 92%
Magic:  12/26      EV: 13    Int: 24    God:    Vehumet [**....]
Gold:   562        SH:  0    Dex: 15    Spells: 17/30 levels left

rFire    . . .     SeeInvis .   p - +1 flail (holy)
rCold    . . .     Gourm    .   (no shield)
rNeg     . . .     Faith    .   a - +0 robe
rPois    .         Spirit   .   (no helmet)
rElec    .         Reflect  .   (no cloak)
rCorr    .         Harm     .   s - +0 pair of gloves
MR       +....                  B - +0 pair of boots
Stlth    ++........             (no amulet)
HPRegen  0.19/turn              d - +3 ring of strength
MPRegen  0.20/turn              (no ring)

@: about to teleport
A: no striking features
a: Renounce Religion


You were on level 9 of the Dungeon.
You worshipped Vehumet.
Vehumet was pleased with you.
You were not hungry.

You visited 2 branches of the dungeon, and saw 10 of its levels.

You collected 562 gold pieces.

Inventory:

Hand Weapons
 p - a +1 flail of holy wrath (weapon)
Armour
 a - a +0 robe (worn)
 s - a +0 pair of gloves (worn)
 B - a +0 pair of boots (worn)
Jewellery
 d - a +3 ring of strength (left hand)
 y - an uncursed ring of fire {unknown}
 z - a cursed amulet of the gourmand {unknown}
Scrolls
 f - 2 scrolls of fear
 h - a scroll of teleportation
 j - a scroll of amnesia {unknown}
 l - 2 scrolls of remove curse
 m - a scroll of enchant weapon {unknown}
 n - a scroll of fog {unknown}
 r - a scroll of noise {unknown}
 t - 3 scrolls of enchant armour {unknown}
 u - 3 scrolls of identify
 C - a scroll of vulnerability {unknown}
Potions
 e - 2 potions of haste {unknown}
 g - 2 potions of resistance {unknown}
 i - a potion of cancellation {unknown}
 k - a potion of agility {unknown}
 o - 2 potions of lignification {unknown}
 q - 2 potions of degeneration {unknown}
 v - a potion of flight {unknown}
 w - a potion of heal wounds {unknown}
 x - a potion of curing {unknown}
 A - a potion of brilliance {unknown}
Books
 b - a book of Flames

   Spells                             Type                      Level
   a - Flame Tongue                   Conjuration/Fire             1
   b - Throw Flame                    Conjuration/Fire             2
   c - Conjure Flame                  Conjuration/Fire             3
   d - Inner Flame                    Hexes/Fire                   3
   e - Sticky Flame                   Conjuration/Fire             4
   f - Fireball                       Conjuration/Fire             5
Comestibles
 c - 9 rations


   Skills:
 + Level 4.5 Fighting
 - Level 2.4 Dodging
 - Level 2.4 Stealth
 - Level 10.6 Spellcasting
 + Level 10.6 Conjurations
 + Level 11.1 Fire Magic


You had 17 spell levels left.
You knew the following spells:

 Your Spells              Type           Power        Failure   Level  Hunger
a - Flame Tongue          Conj/Fire      #####        1%          1    None
b - Conjure Flame         Conj/Fire      ######..     1%          3    None
c - Sticky Flame          Conj/Fire      ######..     1%          4    None
d - Fireball              Conj/Fire      ######....   1%          5    ####...


Dungeon Overview and Level Annotations

Branches:
Dungeon (9/15)             Temple (1/1) D:7            Lair (0/6) D:8
    Orc: D:9-12

Altars:
Ashenzari
Dithmenos
Elyvilon
Gozag
Hepliaklqana
Kikubaaqudgha
Makhleb
Nemelex Xobeh
Okawaru
Qazlal
Ru
Sif Muna
Trog
Uskayaw
Vehumet
Wu Jian
Xom
Yredelemnul
Zin
The Shining One
Lugonu

Annotations:
D:5 5 runed doors


Message History

You can't see any susceptible monsters within range! (Use Z to cast anyway.) Unknown command.
Casting: Sticky Flame (safe; 1% risk of failure)
Confirm with . or Enter, or press ? or * to list all spells.
Okay, then.
Casting: Sticky Flame (safe; 1% risk of failure)
Confirm with . or Enter, or press ? or * to list all spells.
Aiming: Sticky Flame (safe; 1% risk of failure)
Press: ? - help, Shift-Dir - straight line The sticky flame hits something.
The shadow strikes at you from the darkness!
Ouch! That really hurt!
Reactivating autopickup.
The shadow slips into darkness.
The shadow flickers and vanishes!
Deactivating autopickup; reactivate with Ctrl-A.
As you read the scroll of teleportation, it crumbles to dust.
You feel strangely unstable.
The shadow strikes at you from the darkness!
You die...

····▒▒··▒ ▒·▒ ······▒
▒·▒ ▒···▒ ▒·▒ ▒· ▒··▒
▒·▒ ▒··▒▒W·▒ ▒<▒
▒······▒ ▒·▒ ▒··▒▒▒▒·▒
▒·▒
······▒▒·▒▒▒▒▒▒▒▒▒·▒▒▒
▒·······@··········▒
·/········▒▒▒▒▒▒▒▒▒·▒
▒▒·▒·▒▒▒▒·▒ ▒·▒▒ ▒ ▒·
▒·▒ ▒··▒ ▒ ▒·▒ ▒▒·▒
▒·· ▒·▒▒ ▒·▒ ▒··▒ ▒▒▒
▒· ▒▒▒[▒ ·· ··▒)▒


There were no monsters in sight!

Vanquished Creatures
  A two-headed ogre (D:8)
  Joseph (D:8)
  2 flying skulls (D:9)
  2 wyverns (D:8)
  5 yaks (D:8)
  Grum (D:8)
  A water moccasin (D:7)
  3 porcupines (D:8)
  2 sky beasts (D:8)
  5 ice beasts
  3 orc warriors
  4 ogres
  2 phantoms
  A necrophage (D:7)
  4 wolves (D:8)
  2 centaurs (D:6)
  3 crocodiles (D:8)
  3 bullfrogs
  The ghost of varam the Conjurer, an amateur DECj (D:4)
  Blork the orc (D:4)
  A wyvern zombie (D:6)
  A jelly (D:6)
  A water moccasin zombie (D:8)
  A scorpion (D:6)
  A water moccasin skeleton (D:8)
  3 wights (D:7)
  6 howler monkeys
  3 crimson imps
  2 bullfrog zombies
  4 hounds
  A bullfrog skeleton (D:5)
  4 orc priests
  2 quasits (D:7)
  2 iguanas
  2 centaur skeletons (D:9)
  Terence (D:2)
  12 orc wizards
  4 worker ants
  A killer bee zombie (D:7)
  A hound skeleton (D:7)
  8 gnolls (D:3)
  5 adders
  5 shadow imps
  An ooze (D:4)
  An adder zombie (D:7)
  An adder skeleton (D:3)
  A worm (D:2)
  2 dart slugs
  4 leopard geckos
  39 orcs
  A ball python (D:4)
  6 bats
  3 giant cockroaches
  9 goblins
  5 hobgoblins
  13 jackals
  3 quokkas
  A ball python skeleton (D:5)
  6 frilled lizards
  A jackal skeleton (D:6)
  5 kobolds
  A quokka skeleton (D:7)
  7 rats
228 creatures vanquished.

Vanquished Creatures (others)
  A human (D:2)
  3 bushes
  3 fungi (D:8)
  14 plants (D:8)
21 creatures vanquished.

Grand Total: 249 creatures vanquished

Notes
Turn   | Place    | Note
-------+----------+-------------------------------------------
     0 | D:1      | Azzok the Deep Elf Fire Elementalist began the quest for the Orb.
     0 | D:1      | Reached XP level 1. HP: 10/10 MP: 6/6
   269 | D:1      | Reached XP level 2. HP: 15/15 MP: 2/8
  1014 | D:2      | Reached skill level 4 in Fire Magic
  1014 | D:2      | Reached XP level 3. HP: 19/19 MP: 6/10
  1100 | D:2      | Found an ancient bone altar of Kikubaaqudgha.
  1105 | D:2      | Learned a level 3 spell: Conjure Flame
  1109 | D:2      | Noticed a human
  1110 | D:2      | Killed a human
  1402 | D:2      | Found an ancient bone altar of Kikubaaqudgha.
  1457 | D:2      | Noticed Terence
  1477 | D:2      | Killed Terence
  1477 | D:2      | Reached XP level 4. HP: 14/24 MP: 0/12
  1733 | D:2      | Learned a level 4 spell: Sticky Flame
  2142 | D:3      | Reached XP level 5. HP: 27/28 MP: 7/14
  2879 | D:3      | Reached skill level 5 in Spellcasting
  2889 | D:3      | Reached skill level 5 in Fire Magic
  3147 | D:4      | Noticed Blork the orc
  3153 | D:4      | Killed Blork the orc
  3153 | D:4      | Reached XP level 6. HP: 30/32 MP: 6/16
  3593 | D:4      | Found an iron altar of Okawaru.
  3769 | D:4      | Learned a level 5 spell: Fireball
  3771 | D:4      | Noticed varam's ghost (amateur DECj)
  3888 | D:4      | Killed varam's ghost
  3888 | D:4      | Reached XP level 7. HP: 36/36 MP: 9/18
  4166 | D:4      | Found an opulent altar of Gozag.
  4167 | D:4      | Found a glowing silver altar of Zin.
  4237 | D:4      | Found a hazy altar of Hepliaklqana.
  4238 | D:4      | Found a shimmering altar of Xom.
  4239 | D:4      | Noticed a spectral ugly thing
  4320 | D:5      | Entered Level 5 of the Dungeon
  4357 | D:5      | Found a hide-covered altar of Uskayaw.
  4532 | D:5      | Reached skill level 6 in Fire Magic
  4584 | D:5      | Found the +9 staff of Olgreb {rPois}
  4601 | D:5      | Found a runed door.
  4607 | D:5      | Found a runed gate.
  4608 | D:5      | Found a runed door.
  4618 | D:5      | Found a runed gate.
  4618 | D:5      | Found a runed gate.
  4826 | D:5      | Reached skill level 5 in Conjurations
  5649 | D:6      | Reached XP level 8. HP: 41/41 MP: 14/21
  5721 | D:6      | Reached skill level 7 in Fire Magic
  5782 | D:6      | Found a basalt altar of Yredelemnul.
  6493 | D:6      | Reached skill level 8 in Fire Magic
  6935 | D:7      | Found a staircase to the Ecumenical Temple.
  6970 | D:7      | Found a burning altar of Makhleb.
  6980 | D:7      | Reached XP level 9. HP: 43/45 MP: 15/24
  7044 | Temple   | Entered the Ecumenical Temple
  7077 | Temple   | Became a worshipper of Vehumet
  7557 | D:7      | Reached skill level 10 in Spellcasting
  7896 | D:7      | Reached * piety under Vehumet
  7896 | D:7      | Offered knowledge of Shock by Vehumet.
  7904 | D:7      | Reached skill level 9 in Fire Magic
  8698 | D:8      | Reached skill level 1 in Fighting
  9116 | D:8      | Reached XP level 10. HP: 53/53 MP: 20/26
  9124 | D:8      | Reached skill level 10 in Fire Magic
  9134 | D:8      | Noticed a two-headed ogre
  9471 | D:8      | Found a staircase to the Lair.
  9472 | D:8      | Noticed Grum
  9613 | D:8      | Killed a two-headed ogre
  9694 | D:8      | Killed Grum
  9694 | D:8      | Reached ** piety under Vehumet
  9697 | D:8      | Reached skill level 10 in Conjurations
  9813 | D:8      | Offered knowledge of Freeze by Vehumet.
  9950 | D:8      | Noticed Joseph
  9957 | D:8      | Killed Joseph
  9957 | D:8      | Reached skill level 11 in Fire Magic
 10041 | D:8      | Found a deep blue altar of Sif Muna.
 10494 | D:9      | Found an ornate altar of the Wu Jian Council.
 10627 | D:9      | Found a sacrificial altar of Ru.
 10887 | D:9      | Found a shadowy altar of Dithmenos.
 10898 | D:9      | Slain by a shadow

Vault maps used:
D:1:      dpeg_cavernosity
D:2:      lemuel_crystal_altar, tgw_kikubaaqudgha, uniq_terence
D:4:      grunt_temple_overflow_gold_and_silver, regret_index_temple_of_mockery,
          lemuel_doored_altar, first_ration, uniq_blork_the_orc
D:5:      lemuel_crystal_altar, minmay_guarded_unrand_staff_of_olgreb
D:6:      overflow_temple_1_default, kb_lookout_dungeons_type
D:7:      makhleb_blood_cavern_becter, temple_doors_e
D:8:      led_sif_book, minmay_lair_entry_grove, uniq_joseph, uniq_grum
D:9:      hangedman_screamer, nicolae_ru_sacrificial_ziggurat,
          kennysheep_mini_moat, cheibriados_altar_1,
          nicolae_dithmenos_shadow_blocks, lemuel_coloured_pillars_altar
Temple:   corrupted_temple

Skill      XL: |  1  2  3  4  5  6  7  8  9 10 |
---------------+-------------------------------+-----
Conjurations   | 2 3 4 5 7 9 10 | 10.6
Fire Magic     | 4 5 6 8 9 11 | 11.1
Spellcasting   | 4 5 6 7 9 10 | 10.6
Fighting       | 1 4 |  4.5
Dodging        | |  2.4
Stealth        | |  2.4

Action                   |  1- 3 |  4- 6 |  7- 9 | 10-12 || total
-------------------------+-------+-------+-------+-------++-------
Melee: Spear             |    20 |       |       |       ||    20
       Hand axe          |     6 |       |       |       ||     6
       Flail             |       |     2 |    22 |     2 ||    26
 Cast: Flame Tongue      |    63 |   133 |   253 |   121 ||   570
       Conjure Flame     |     1 |     2 |     5 |    10 ||    18
       Sticky Flame      |       |     2 |    13 |    15 ||    30
       Fireball          |       |       |    16 |     7 ||    23
  Use: Scroll            |       |     6 |       |     3 ||     9
 Stab: Sleeping          |     3 |       |       |       ||     3
  Eat: Chunk             |     2 |     7 |    16 |     7 ||    32
       Ration            |       |       |     1 |       ||     1
Armor: Robe              |    12 |     1 |    18 |     8 ||    39
Dodge: Dodged            |    34 |    20 |    67 |    30 ||   151

Table legend:
 A = Spawn XP
 B = Non-spawn XP
 C = Spawn XP percentage of total XP
 D = Spawn monster count
 E = Non-spawn monster count
 F = Spawn count percentage of total count
 G = Total turns spent on level
                    A         B        C        D         E        F      G
               +---------+---------+-------+---------+---------+-------+---------
         Total |       0 |   10562 |   0.0 |       0 |     228 |   0.0 | 10898
               +---------+---------+-------+---------+---------+-------+---------
           D:1 |       0 |      40 |   0.0 |       0 |      23 |   0.0 |  1009
           D:2 |       0 |     107 |   0.0 |       0 |      21 |   0.0 |   874
           D:3 |       0 |     174 |   0.0 |       0 |      29 |   0.0 |  1233
           D:4 |       0 |     426 |   0.0 |       0 |      20 |   0.0 |  1204
           D:5 |       0 |     309 |   0.0 |       0 |       9 |   0.0 |   799
           D:6 |       0 |    1658 |   0.0 |       0 |      34 |   0.0 |  1781
           D:7 |       0 |    1501 |   0.0 |       0 |      37 |   0.0 |  1441
           D:8 |       0 |    5754 |   0.0 |       0 |      46 |   0.0 |  2070
           D:9 |       0 |     593 |   0.0 |       0 |       9 |   0.0 |   440
               +---------+---------+-------+---------+---------+-------+---------
